 Dungeon Sprint DCSS version 0.19.0-24-gb05acd6 (webtiles) character file.

604 Millan the Blocker (level 7, 0/63 HPs)
             Began as a Formicid Fighter on Nov 22, 2016.
             Was an Initiate of Cheibriados.
             Slain by Sonja
             ... wielding a +0 dagger of distortion
              (4 damage)
             ... in the Dungeon (Sprint I: "Red Sonja").
             The game lasted 00:02:48 (1225 turns).

Millan the Blocker (Formicid Fighter)               Turns: 1225, Time: 00:02:48

Health: 0/63       AC:  8    Str: 23    XL:     7   Next: 70%
Magic:  7/7        EV: 10    Int:  9    God:    Cheibriados [......]
Gold:   250        SH: 12    Dex: 11    Spells: 0 memorised, 6 levels left

rFire  . . .     SeeInvis +     a - +0 flail
rCold  . . .     Gourm    .     b - +0 scale mail
rNeg   . . .     Faith    .     c - +0 shield
rPois  .         Spirit   .     (helmet unavailable)
rElec  .         Reflect  .     (no cloak)
rCorr  .         Harm     .     (no gloves)
MR     .....                    (no boots)
Stlth  ..........               (no amulet)
                                (no ring)
                                (no ring)

@: lethally poisoned (0 -> -6), very slow
A: permanent stasis, dig shafts and tunnels, four strong arms, antennae 3
a: Dig, Bend Time, Renounce Religion


You were in the Dungeon.
You worshipped Cheibriados.
Cheibriados was noncommittal.
You were hungry.

You visited 1 branch You collected 310 gold pieces.
You spent 60 gold pieces at shops.

Inventory:

Hand Weapons
 a - a +0 flail (weapon)
Armour
 b - a +0 scale mail (worn)
 c - a +0 shield (worn)
Scrolls
 k - a scroll of blinking
 m - a scroll of remove curse {unknown}
Potions
 d - a potion of might
 g - 2 potions of heal wounds
 h - a potion of haste
 i - 2 potions of magic
 j - a potion of berserk rage
 l - a potion of degeneration {unknown}
Comestibles
 f - a bread ration


   Skills:
 + Level 8.6 Fighting
 * Level 9.1 Maces & Flails
 + Level 8.7 Armour
 - Level 9.9 Shields


You had 6 spell levels left.
You didn't know any spells.

Dungeon Overview and Level Annotations

Branches:
Dungeon (1/1)

Altars:
Cheibriados
Dithmenos
Elyvilon
Fedhas
Gozag
Hepliaklqana
Kikubaaqudgha
Makhleb
Nemelex Xobeh
Okawaru
Qazlal
Ru
Sif Muna
Trog
Uskayaw
Vehumet
Xom
Yredelemnul
Zin
The Shining One
Jiyva
Lugonu

Shops:
D !

Annotations:
D Sonja


Innate Abilities, Weirdness & Mutations

You are under a permanent stasis effect.
You can dig through walls and to a lower floor.
Your four strong arms can wield two-handed weapons with a shield.
You have a pair of large antennae on your head. (SInv)


Message History

You feel sick.
Sonja unwields an uncursed blowgun.
Sonja wields an uncursed dagger of distortion.
Its appearance distorts for a moment.
Sonja hits you but does no damage.
You feel a strange sense of stasis. You block Sonja's attack.
Sonja completely misses you.
Sonja zaps a wand.
You easily resist.
There is an open door here.
You barely miss Sonja.
Sonja is lightly wounded.
You feel sick. Sonja hits you but does no damage.
Space warps horribly around you!
* * * LOW HITPOINT WARNING * * *
You block Sonja's attack. Sonja closely misses you.
You closely miss Sonja.
Sonja is lightly wounded.
* * * LOW HITPOINT WARNING * * *
You feel sick.
Sonja zaps a wand.
You easily resist.
You miss Sonja.
Sonja is lightly wounded.
Sonja hits you but does no damage. Space bends around you.
You die...

#<.#..)..#..'..#__#
#..'..#..').#..'..+
{
#..#####'#####'#__#
{
#..####..#...#.####
#..#__####..##.# {
#..#_____##'#..+ {
#⌠⌠#_.∩...'.(._# {
####_..__##_K#+#
#_____###@#
#########(## +$.$+
{ #$.$# { ##.## { {
#+# {{ { { { { {{{
{{


You could see Sonja.

Vanquished Creatures
  A slime creature (D)
  Sigmund (D)
  A yak (D)
  An ogre (D)
  A jelly (D)
  Ijyb (D)
6 creatures vanquished.

Vanquished Creatures (others)
  A gargoyle (D)
1 creature vanquished.

Grand Total: 7 creatures vanquished

Notes
Turn   | Place    | Note
-------+----------+-------------------------------------------
     0 | D        | Millan the Formicid Fighter began the quest for the Orb.
     0 | D        | Reached XP level 1. HP: 18/18 MP: 1/1
     3 | D        | Noticed Ijyb
    11 | D        | Killed Ijyb
    11 | D        | Reached skill level 5 in Shields
    11 | D        | Reached XP level 2. HP: 24/25 MP: 2/2
    11 | D        | Reached XP level 3. HP: 29/30 MP: 3/3
   117 | D        | Noticed an ogre
   121 | D        | Killed an ogre
   121 | D        | Reached skill level 5 in Fighting
   121 | D        | Reached skill level 5 in Armour
   121 | D        | Reached XP level 4. HP: 10/39 MP: 4/4
   121 | D        | Reached XP level 5. HP: 11/44 MP: 5/5
   367 | D        | Noticed Sigmund
   383 | D        | Killed Sigmund
   383 | D        | Reached skill level 5 in Maces & Flails
   383 | D        | Reached XP level 6. HP: 24/53 MP: 6/6
   562 | D        | Found a deep blue altar of Sif Muna.
   564 | D        | Found a radiant altar of Vehumet.
   625 | D        | Found Ketostyq's Distillery.
   625 | D        | Found an ancient bone altar of Kikubaaqudgha.
   625 | D        | Found a hazy altar of Hepliaklqana.
   625 | D        | Found a stormy altar of Qazlal.
   625 | D        | Found a hide-covered altar of Uskayaw.
   625 | D        | Found a blossoming altar of Fedhas.
   625 | D        | Found a bloodstained altar of Trog.
   625 | D        | Found an iron altar of Okawaru.
   625 | D        | Found a basalt altar of Yredelemnul.
   625 | D        | Found a glowing golden altar of the Shining One.
   625 | D        | Found a snail-covered altar of Cheibriados.
   625 | D        | Found a sacrificial altar of Ru.
   625 | D        | Found a glowing silver altar of Zin.
   625 | D        | Found a shadowy altar of Dithmenos.
   625 | D        | Found a white marble altar of Elyvilon.
   625 | D        | Noticed a yak
   633 | D        | Killed a yak
   633 | D        | Reached XP level 7. HP: 6/61 MP: 7/7
   634 | D        | Found an opulent altar of Gozag.
   635 | D        | Found a sparkling altar of Nemelex Xobeh.
   756 | D        | Killed a gargoyle
   911 | D        | Became a worshipper of Cheibriados the Contemplative
   914 | D        | Bought a potion of heal wounds for 60 gold pieces
   927 | D        | Found a burning altar of Makhleb.
   927 | D        | Found a viscous altar of Jiyva.
   927 | D        | Found a shimmering altar of Xom.
   927 | D        | Found a corrupted altar of Lugonu.
   927 | D        | Noticed a slime creature
   938 | D        | Killed a slime creature
  1206 | D        | Noticed Sonja
  1225 | D        | Slain by Sonja

Skill      XL: |  1  2  3  4  5  6  7 |
---------------+----------------------+-----
Fighting       | 4 5 6 7 8 |  8.6
Maces & Flails | 3 4 5 7 9 |  9.1
Armour         | 4 5 6 8 |  8.7
Shields        | 5 7 9 |  9.9

Action                   |  1- 3 |  4- 6 |  7- 9 || total
-------------------------+-------+-------+-------++-------
Melee: Flail             |    10 |    24 |    20 ||    54
  Use: Potion            |       |       |     1 ||     1
Armor: Scale mail        |     3 |       |     3 ||     6
Dodge: Dodged            |     1 |     5 |     6 ||    12
Block: Shield            |     4 |     8 |     9 ||    21
